 Dungeon Crawl Stone Soup version 0.29.0-15-g675c0067aa (webtiles) character file.

Game seed: 8625073419565289363

101 qw the Chopper (level 4, -2/28 HPs)
             Began as a Gargoyle Fighter on Sept 12, 2022.
             Slain by Sigmund
             ... wielding a +0 scythe
              (4 damage)
             ... on level 3 of the Dungeon.
             The game lasted 00:00:50 (2373 turns).

qw the Chopper (Gargoyle Fighter)                   Turns: 2373, Time: 00:00:51

Health: -2/28      AC: 11    Str: 22    XL:     4   Next: 75%
Magic:  4/4        EV:  9    Int:  8    God:
Gold:   154        SH:  4    Dex:  9    Spells: 3/3 levels left

rFire   . . .      SeeInvis .   Y - +1 war axe
rCold   . . .      Faith    .   c - +0 buckler
rNeg    + . .      Spirit   .   b - +0 scale mail
rPois   inf        Reflect  .   (no helmet)
rElec   +          Harm     .   g - +0 cloak
rCorr   .          Rampage  .   (no gloves)
Will    .....                   (no boots)
Stlth   ..........              (no amulet)
HPRegen 0.09/turn               (no ring)
MPRegen 0.09/turn               (no ring)

@: no status effects
A: sickness immunity, AC +3, negative energy resistance 1, electricity
resistance, torment resistance 1, petrification resistance
a: no special abilities


You were on level 3 of the Dungeon.
You visited 1 branch of the dungeon, and saw 3 of its levels.

You collected 154 gold pieces.


Innate Abilities, Weirdness & Mutations

You are immune to sickness and miasma.
Your stone body is resilient. (AC +3)
You are immune to poison.
You resist negative energy. (rN+)
You are resistant to electric shocks. (rElec)
You are resistant to unholy torment.
You are immune to petrification.


   Skills:
 - Level 3.2 Fighting
 + Level 4.3 Axes
 - Level 3.2 Armour
 - Level 3.2 Shields


You had 3 spell levels left.
You didn't know any spells.
Your spell library was empty.

Inventory:

Hand Weapons
 a - a +0 whip of holy wrath
 Y - a +1 war axe (weapon)
Armour
 b - a +0 scale mail (worn)
 c - a +0 buckler (worn)
 g - a +0 cloak (worn)
Jewellery
 k - a +6 ring of dexterity
Scrolls
 f - a scroll of identify
Potions
 d - 3 potions of might
 e - a potion of degeneration {unknown}
 h - a potion of resistance {unknown}
 i - a potion of magic {unknown}
 j - a potion of haste

Dungeon Overview and Level Annotations

Branches:
Dungeon (3/15)

Altars:
Zin

Annotations:
D:3 1 runed translucent door, Crazy Yiuf, Sigmund


Message History

You hit the orc.
The orc is lightly wounded.
The orc hits you with a +0 dagger.
You closely miss the orc.
The orc is lightly wounded.
The orc hits you but does no damage.
Sigmund mumbles some strange words.
Sigmund flickers and vanishes!
Deactivating autopickup; reactivate with Ctrl-A.
The orc hits you with a +0 dagger.
You hit the orc.
The orc is severely wounded.
The orc hits you with a +0 dagger.
You hit the orc but do no damage.
The orc is severely wounded.
The orc closely misses you. You block something's attack.
The orc hits you with a +0 dagger.
You hit the orc but do no damage.
The orc is severely wounded.
Something hits you. The orc hits you but does no damage.
You slash the orc!
You kill the orc!
A magic dart appears from out of thin air!
The magic dart hits you but does no damage.
You swing at nothing.
Something hits you.
You swing at nothing.
Something hits you but does no damage.
You swing at nothing.
Something hits you but does no damage.
You swing at nothing.
Something hits you.
You swing at nothing.
You hear some strange, mumbled words.
Something tries to affect you, but you resist.
You swing at nothing.
Something hits you but does no damage.
You swing at nothing.
Something hits you.
You die...

#.# #.##.#
#.# #.##.#
#.# #.##.#
#.# #.# #.#
#.# #.####.#
#.##...#
#......##
####@){.#
#.......#
#.###......#
# ....#>.
###...# #...
##.


There were no monsters in sight!

Vanquished Creatures
  An orc priest (D:3)
  An adder (D:2)
  2 worms (D:2)
  2 dart slugs
  2 orcs
  3 ball pythons
  4 endoplasms (D:1)
  A giant cockroach (D:2)
  7 goblins
  7 hobgoblins
  4 kobolds
  2 quokkas
  6 bats
  3 frilled lizards
  3 rats
48 creatures vanquished.

Vanquished Creatures (others)
  A fungus (D:2)
  5 plants (D:2)
6 creatures vanquished.

Grand Total: 54 creatures vanquished

Notes
Turn   | Place    | Note
-------+----------+-------------------------------------------
     0 | D:1      | qw the Gargoyle Fighter began the quest for the Orb.
     0 | D:1      | Reached XP level 1. HP: 14/14 MP: 1/1
     0 | D:1      | 0 ||| qw: Version: 0.1-a-119-g272c26d
     0 | D:1      | 0 ||| qw: Game counter: 10876
     0 | D:1      | 0 ||| qw: Always use a shield: true
     0 | D:1      | 0 ||| qw: God list: Okawaru
     0 | D:1      | 0 ||| qw: Allow faded altars: false
     0 | D:1      | 0 ||| qw: Do Orc after D:15 true
     0 | D:1      | 0 ||| qw: Do second Lair branch before Depths: true
     0 | D:1      | 0 ||| qw: Lair rune preference: random
     0 | D:1      | 0 ||| qw: Plans: Normal, Zot, God:TSO, Crypt, Tomb, Pan,
                  | Slime, Hells, Zig, Abyss, Orb
     0 | D:1      | 0 ||| PLANNING D:1-11
    30 | D:1      | Reached skill level 2 in Axes
   143 | D:1      | 143 ||| Stepping ~*~*~tactically~*~*~ (stealth).
   203 | D:1      | Reached XP level 2. HP: 19/19 MP: 2/2
   220 | D:1      | 220 ||| Stepping ~*~*~tactically~*~*~ (stealth).
   525 | D:1      | Reached skill level 3 in Axes
   828 | D:1      | Reached XP level 3. HP: 23/23 MP: 3/3
   852 | D:1      | 852 ||| Stepping ~*~*~tactically~*~*~ (stealth).
  1109 | D:1      | 1109 ||| UPGRADING to +0 cloak.
  1114 | D:1      | 1114 ||| READING scroll labelled WEFODD SIZIHAMP.
  1115 | D:1      | 1115 ||| READING scroll labelled SECHOR RUBIM.
  1116 | D:1      | 1116 ||| READING scroll labelled DIHYWA NUMOSCH.
  1117 | D:1      | 1117 ||| READING scroll labelled LOPRYU JUEBA.
  1167 | D:2      | 1167 ||| DROPPING +0 club.
  1723 | D:2      | Reached XP level 4. HP: 28/28 MP: 4/4
  1835 | D:2      | Found a faded altar of an unknown god.
  1836 | D:2      | 1836 ||| READING 2 scrolls labelled FYPPISCHAAH.
  1837 | D:2      | 1837 ||| DROPPING scroll of fear.
  1871 | D:3      | Identified the +10 trident of the Messenger {vorpal, rPois
                  | rF+}
  1913 | D:3      | 1913 ||| Stepping ~*~*~tactically~*~*~ (stealth).
  1929 | D:3      | Found a glowing silver altar of Zin.
  1930 | D:3      | 1930 ||| Stepping ~*~*~tactically~*~*~ (hiding).
  2078 | D:3      | Found a runed translucent door.
  2079 | D:3      | Noticed Crazy Yiuf
  2119 | D:3      | Reached skill level 4 in Axes
  2127 | D:3      | 2127 ||| FLEEEEING.
  2137 | D:3      | 2137 ||| FLEEEEING.
  2138 | D:3      | 2138 ||| FLEEEEING.
  2139 | D:3      | 2139 ||| FLEEEEING.
  2140 | D:3      | 2140 ||| FLEEEEING.
  2141 | D:3      | 2141 ||| FLEEEEING.
  2142 | D:3      | 2142 ||| FLEEEEING.
  2146 | D:3      | 2146 ||| FLEEEEING.
  2147 | D:3      | 2147 ||| FLEEEEING.
  2148 | D:3      | 2148 ||| FLEEEEING.
  2151 | D:3      | 2151 ||| FLEEEEING.
  2152 | D:3      | 2152 ||| STAIRDANCE
  2240 | D:2      | 2240 ||| DRINKING 2 viscous inky potions.
  2243 | D:3      | 2243 ||| STAIRDANCE
  2359 | D:3      | Noticed Sigmund
  2367 | D:3      | HP: 7/28 [something (6)]
  2370 | D:3      | HP: 1/28 [something (6)]
  2373 | D:3      | Slain by Sigmund

Levels and vault maps discovered:
D:1:      amcnicky_arrival_flooded_fountain, layout_basic, chequers_avenue
D:2:      cheibrodos_old_hovel, layout_basic,
          shapermc_ecumenical_altar_acropolis
D:3:      layout_loops_ring, lemuel_round_altar, kennysheep_nondescript,
          uniq_crazy_yiuf_cottage, uniq_sigmund

Skill      XL: |  1  2  3  4 |
---------------+-------------+-----
Axes           | 2 3 4 |  4.3
Fighting       | |  3.2
Armour         | |  3.2
Shields        | |  3.2

Action                   |  1- 3 |  4- 6 || total
-------------------------+-------+-------++-------
Melee: War axe           |   115 |    23 ||   138
  Use: Scroll            |     4 |     1 ||     5
       Potion            |       |     1 ||     1
Armor: Scale mail        |    49 |    16 ||    65
Dodge: Dodged            |    54 |     9 ||    63
Block: Buckler           |    21 |     3 ||    24

Table legend:
 A = Non-vault XP
 B = Vault XP
 C = Vault XP percentage of total XP
 D = Non-vault monster count
 E = Vault monster count
 F = Vault count percentage of total count
                 A         B        C        D         E       F
            +---------+---------+-------+---------+---------+-------
      Total |     144 |       1 |   0.7 |      47 |       1 |   2.1
            +---------+---------+-------+---------+---------+-------
        D:1 |      48 |       0 |   0.0 |      26 |       0 |   0.0
        D:2 |      45 |       1 |   2.2 |      15 |       1 |   6.2
        D:3 |      51 |       0 |   0.0 |       6 |       0 |   0.0
            +---------+---------+-------+---------+---------+-------
